 Dungeon Crawl Stone Soup version 0.29.1-13-g9f3cf754e1 (webtiles) character file.

Game seed: 3563958738649382902

320 112233 the Magician (level 6, -3/28 HPs)
             Began as a Felid Air Elementalist on Feb 9, 2023.
             Slain by a gnoll
             ... wielding a +0 halberd
              (6 damage)
             ... on level 6 of the Dungeon.
             The game lasted 00:11:10 (8342 turns).

112233 the Magician (Felid Air Elementalist)        Turns: 8342, Time: 00:11:10

Health: -3/28      AC:  2    Str:  4    XL:     6   Next: 22%
Magic:  16/16      EV: 19    Int: 19    God:
Gold:   239        SH:  5    Dex: 16    Spells: 7/17 levels left
                                        Lives:  0   Deaths: 2

rFire   . . .      SeeInvis +   (weapon unavailable)
rCold   . . .      Faith    .   (shield unavailable)
rNeg    . . .      Spirit   .   (body armour unavailable)
rPois   .          Reflect  +   (helmet unavailable)
rElec   .          Harm     .   (cloak unavailable)
rCorr   .          Rampage  .   (gloves unavailable)
Will    .....                   (boots unavailable)
Stlth   ++........              o - amulet of reflection
HPRegen 0.09/turn               (no ring)
MPRegen 0.15/turn               (no ring)

@: quick
A: very small, claws 1, fangs 3, see invisible, speed 1, shaggy fur 2, stealthy
paws, no weapons or thrown items, no armour, multi-lived
a: no special abilities


You were on level 6 of the Dungeon.
You visited 1 branch of the dungeon, and saw 6 of its levels.

You collected 239 gold pieces.

Inventory:

Jewellery
 o - an amulet of reflection (around neck)
 q - a ring of magical power
 u - a +6 ring of intelligence
 x - a +6 ring of intelligence
Wands
 t - a wand of flame (8)
Scrolls
 d - a scroll of enchant weapon {unknown}
 e - 2 scrolls of blinking {unknown}
 f - a scroll of poison {unknown}
 g - 4 scrolls of teleportation {unknown}
 j - a scroll of immolation {unknown}
 k - a scroll of noise {unknown}
 l - 2 scrolls of fear {unknown}
 m - 2 scrolls of amnesia {unknown}
 n - a scroll of identify {unknown}
 p - a scroll of magic mapping {unknown}
 v - a scroll of butterflies {unknown}
 w - a scroll of summoning {unknown}
 y - a scroll of silence {unknown}
 z - 2 scrolls of enchant armour {unknown}
Potions
 a - a potion of magic
 b - a potion of heal wounds
 c - 2 potions of flight {unknown}
 h - 2 potions of brilliance {unknown}
 i - a potion of mutation {unknown}
 r - a potion of haste
 s - a potion of berserk rage {unknown}
 A - a potion of curing {unknown}


   Skills:
 + Level 3.5 Fighting
 + Level 5.6 Dodging
 - Level 2.7 Stealth
 + Level 6.1 Spellcasting
 - Level 0.9 Conjurations
 + Level 4.4 Air Magic


You had 7 spell levels left.
You knew the following spells:

 Your Spells              Type           Power      Damage    Failure   Level
a - Shock                 Conj/Air       60%        1d6       3%          1
b - Static Discharge      Conj/Air       15%        3-5/arc   5%          2
c - Swiftness             Air            22%        N/A       5%          3
d - Airstrike             Air            11%        2d(2-18)  19%         4

Your spell library contained the following spells:

 Spells                   Type           Power      Damage    Failure   Level
 Magic Dart               Conj           36%        1d4       8%          1
 Apportation              Tloc           10%        N/A       11%         1
 Necrotise                Necr           20%        1d5       11%         1
 Summon Small Mammal      Summ           20%        N/A       11%         1
 Mephitic Cloud           Conj/Pois/Air  12%        N/A       16%         3
 Call Imp                 Summ           5%         N/A       17%         2
 Gell's Gravitas          Tloc           5%         N/A       32%         3
 Lesser Beckoning         Tloc           5%         N/A       32%         3
 Ozocubu's Armour         Ice            5%         N/A       32%         3
 Teleport Other           Tloc           5%         N/A       32%         3
 Ozocubu's Refrigeration  Ice            2%         4d8       100%        7


Dungeon Overview and Level Annotations

Branches:
Dungeon (6/15)
 Temple: D:4-7

Altars:
Cheibriados
Fedhas
Hepliaklqana
Kikubaaqudgha
Makhleb
Nemelex Xobeh
Sif Muna
Xom
Yredelemnul
Zin

Shops:
D:1 ?   D:4 ?

Annotations:
D:1 exclusion: downstairs
D:2 exclusion: 2 downstairs
D:3 exclusion: upstairs
D:4 exclusion: upstairs
D:5 Ijyb, Prince Ribbit


Innate Abilities, Weirdness & Mutations

You have sharp claws.
You have razor-sharp teeth.
You have supernaturally acute eyesight. (SInv)
You cover ground quickly. (Speed+)
You are covered in thick fur. (AC +2)
Your paws help you pounce on unaware monsters.
You are incapable of wielding weapons or throwing items.
You cannot wear armour.
You gain extra lives every three experience levels.


Message History

[Y]es or [N]o only, please.
Really walk onto that alarm trap?
Okay, then.
The gnoll shouts! x2
The gnoll completely misses you.
A jelly comes into view.
The gnoll barely misses you. You block the gnoll's attack.
The gnoll misses you.
You scratch the gnoll but do no damage. You block the gnoll's attack.
The gnoll closely misses you.
You scratch the gnoll.
The gnoll is moderately wounded.
The gnoll misses you. The gnoll closely misses you. The gnoll misses you.
You scratch the gnoll.
The gnoll is heavily wounded.
You block the gnoll's attack. The gnoll barely misses you.
The gnoll misses you.
You barely miss the gnoll.
The gnoll is heavily wounded.
The gnoll misses you. The gnoll hits you with a +0 halberd!
The gnoll misses you.
You barely miss the gnoll.
The gnoll is heavily wounded.
You block the gnoll's attack. The gnoll misses you.
You scratch the gnoll but do no damage. You bite the gnoll, but do no damage.
The gnoll is heavily wounded.
The gnoll misses you. You block the gnoll's attack. The gnoll misses you.
You barely miss the gnoll.
The gnoll is heavily wounded.
The gnoll barely misses you. The gnoll misses you.
The gnoll hits you from afar with a +0 halberd!
You scratch the gnoll but do no damage.
The gnoll is heavily wounded.
The gnoll hits you from afar with a +0 halberd!
* * * LOW HITPOINT WARNING * * *
The gnoll completely misses you.
You completely miss the gnoll.
The gnoll is heavily wounded.
You block the gnoll's attack. The gnoll hits you with a +0 halberd.
You die...

# .. ### ##......... #.
#. #.. ..........
.#.###.####.........
...##.#....##...#
#..#.#......)..#
#..#.......##.##
#.^...........#
#..#.......#######
#@.#.#...#........
#.....gg##.#...########.
##...gJ###.##.## #.#...
..##.# # #.## ####.# #.
#.# # #.# #.# ..#


You could see a jelly and 3 gnolls.

Vanquished Creatures
  A water moccasin (D:5)
  An ogre (D:5)
  A centaur (D:5)
  A kobold brigand (D:4)
  A lemure (D:5)
  A necrophage (D:4)
  A scorpion (D:5)
  2 hounds
  A jelly (D:4)
  2 orc priests
  A gnoll bouda (D:4)
  3 orc wizards
  10 gnolls
  8 adders
  A white imp (D:5)
  2 ufetubi
  2 worms (D:4)
  11 orcs
  9 ball pythons
  5 endoplasms
  4 giant cockroaches
  3 goblins
  5 hobgoblins
  4 kobolds
  4 quokkas
  4 bats
  4 frilled lizards
  11 rats
103 creatures vanquished.

Vanquished Creatures (others)
  A plant (D:2)
1 creature vanquished.

Grand Total: 104 creatures vanquished

Notes
Turn   | Place    | Note
-------+----------+-------------------------------------------
     0 | D:1      | 112233 the Felid Air Elementalist began the quest for the
                  | Orb.
     0 | D:1      | Reached XP level 1. HP: 7/7 MP: 4/4
   366 | D:1      | Reached XP level 2. HP: 11/11 MP: 2/6
   471 | D:1      | Found Mistoac's Magic Scroll Shoppe.
   723 | D:1      | Reached skill level 3 in Spellcasting
  1229 | D:2      | Learned a level 2 spell: Static Discharge
  1466 | D:2      | Reached XP level 3. HP: 14/14 MP: 5/8
  1540 | D:2      | Found a faded altar of an unknown god.
  1745 | D:2      | Learned a level 3 spell: Swiftness
  2129 | D:2      | Reached skill level 4 in Spellcasting
  2129 | D:2      | Reached XP level 4. HP: 10/18 MP: 3/11
  3383 | D:4      | Noticed a necrophage
  4033 | D:4      | Reached skill level 5 in Spellcasting
  4033 | D:4      | Reached XP level 5. HP: 13/21 MP: 6/13
  4411 | D:4      | Reached skill level 1 in Fighting
  4671 | D:5      | Entered Level 5 of the Dungeon
  4671 | D:5      | Noticed a centaur
  4677 | D:5      | Killed a centaur
  4678 | D:5      | Gained mutation: You are covered in thick fur. (AC +2)
                  | [Felid growth]
  4678 | D:5      | Reached XP level 6. HP: 8/25 MP: 7/14
  4934 | D:5      | Noticed Ijyb
  5157 | D:5      | Noticed Prince Ribbit
  5164 | D:5      | Learned a level 4 spell: Airstrike
  5953 | D:5      | Reached XP level 7. HP: 27/30 MP: 8/16
  6007 | D:4      | Found Con Huof's Magic Scroll Emporium.
  6491 | D:4      | Reached skill level 5 in Dodging
  6549 | D:4      | Slain by a kobold brigand
  6550 | D:4      | Reached XP level 6. HP: -3/28 MP: 1/15
  7126 | D:4      | Reached skill level 6 in Spellcasting
  7421 | D:3      | Reached XP level 7. HP: 18/31 MP: 12/17
  8211 | D:6      | Found a blossoming altar of Fedhas.
  8211 | D:6      | Found a shimmering blue altar of Sif Muna.
  8211 | D:6      | Found an ancient bone altar of Kikubaaqudgha.
  8216 | D:6      | Found a glowing silver altar of Zin.
  8217 | D:6      | Found a shimmering altar of Xom.
  8219 | D:6      | Found a snail-covered altar of Cheibriados.
  8220 | D:6      | Found a basalt altar of Yredelemnul.
  8222 | D:6      | Found a burning altar of Makhleb.
  8284 | D:6      | Found a hazy altar of Hepliaklqana.
  8285 | D:6      | Found a sparkling altar of Nemelex Xobeh.
  8313 | D:6      | Slain by an ogre
  8314 | D:6      | Reached XP level 6. HP: 0/28 MP: 8/16
  8342 | D:6      | Slain by a gnoll

Illustrated notes

Levels and vault maps discovered:
D:1:      nagdon_arrival_zigzag_paths, layout_basic, serial_shops,
          nicolae_shop_trees
D:2:      layout_loops_cross, shapermc_ecumenical_altar_acropolis
D:3:      layout_basic
D:4:      layout_basic, gup_sewer_entry_bubbles, nicolae_take_the_stairs,
          saegor_snake_ambush
D:5:      layout_loops_corners, uniq_prince_ribbit1, uniq_pikel, uniq_ijyb
D:6:      layout_loops_ring, nicolae_overflow_hallway_of_the_gods,
          guppyfry_shop_venom

Skill      XL: |  1  2  3  4  5  6  7 |
---------------+----------------------+-----
Spellcasting   | 3 4 5 6 |  6.1
Dodging        | 3 4 5 |  5.6
Fighting       | 1 2 3 |  3.5
Air Magic      | 3 4 |  4.4
Stealth        | |  2.7
Conjurations   | |  0.9

Action                   |  1- 3 |  4- 6 |  7- 9 || total
-------------------------+-------+-------+-------++-------
Melee: Unarmed           |     6 |    11 |       ||    17
       Bite              |       |     1 |       ||     1
 Cast: Shock             |    74 |   118 |    45 ||   237
       Static Discharge  |     2 |    32 |    22 ||    56
       Airstrike         |       |       |     2 ||     2
  Use: Potion            |     1 |     1 |     1 ||     3
 Stab: Sleeping          |       |     1 |       ||     1
Armor: Skin              |     1 |     1 |       ||     2
Dodge: Dodged            |    15 |    69 |    12 ||    96
Block: Other             |       |    18 |     3 ||    21
